Map: King's Cove LE

Players

ZaZen - Winner!

  • Race: Protoss Protoss
  • League: Silver
  • Spawn Location: 11:00

BlueBlue

  • Race: Protoss Protoss
  • Spawn Location: 5:00

VOD

Have the link to the VOD?

Description

Time

  • Played on: May 18, 2019, 6:59 p.m.
  • Length: 8:02
Show
View Real Time Build Order
Export as new Build Order

ZaZen Protoss - Winner!

Build Orders:  

Get SALT Encoding   

  12  0:01  Probe  
  13  0:22  Pylon  
  13  0:27  Probe  
  14  0:39  Probe  
  15  0:44  Gateway  
  15  0:48  Probe  
  15  0:49  Assimilator  
  15  0:54  Assimilator  
  16  1:09  Probe  
  17  1:21  Probe  
  18  1:32  Cybernetics Core  
  18  1:37  Probe  
  19  1:55  Warp Gate  
  19  1:56  Pylon  
  19  2:00  Gateway  
  19  2:02  Probe  
  20  2:16  Adept  
  22  2:28  Robotics Facility  
  22  2:34  Probe  
  23  2:46  Adept, Pylon  
  25  2:51  Stalker  
  25  2:54  Probe  
  28  3:12  Stalker  
  28  3:15  Gateway  
  30  3:38  Immortal  
  34  4:07  Probe, Warp Prism  
  35  4:14  Pylon  
  37  4:29  Stalker  
  39  4:33  Stalker  
  39  4:34  Stalker  
  43  4:43  Pylon  
  40  5:13  Warp Prism  
  32  5:22  Stalker x3  
  38  6:21  Immortal  
  38  6:28  Stalker x2  
  38  6:29  Stalker  
  44  6:56  Stalker x3  
  42  7:18  Immortal  
  42  7:22  Stalker x3  
  50  7:34  Pylon  
Show
View Real Time Build Order
Export as new Build Order

BlueBlue Protoss 

Build Orders:  

Get SALT Encoding   

  12  0:01  Probe  
  13  0:15  Pylon  
  13  0:18  Probe  
  14  0:30  Probe  
  15  0:40  Probe  
  15  0:41  Gateway  
  16  0:48  Probe  
  16  0:57  Probe  
  17  0:59  Pylon  
  17  1:03  Assimilator  
  18  1:20  Probe  
  19  1:31  Cybernetics Core  
  19  1:33  Gateway  
  19  1:38  Probe  
  19  1:45  Zealot, Assimilator  
  22  1:59  Pylon  
  22  2:04  Forge  
  22  2:08  Warp Gate  
  22  2:14  Zealot  
  26  2:25  Stalker  
  26  2:31  Probe  
  27  2:39  Probe  
  28  2:47  Photon Cannon  
  28  2:49  Photon Cannon  
  28  3:06  Gateway  
  28  3:20  Pylon  
  28  3:23  Protoss Shields Level 1  
  28  3:34  Zealot  
  28  3:35  Zealot  
  30  4:04  Stalker  
  32  4:11  Stalker x2  
  36  4:26  Nexus  
  36  4:35  Stalker  
  38  4:40  Stalker  
  40  5:02  Stalker, Pylon  
  29  5:21  Stalker x2  
  29  5:25  Probe  
  34  5:33  Probe  
  34  5:42  Probe  
  35  5:47  Stalker x2  
  30  6:02  Stalker, Probe  
  28  6:12  Stalker  
  30  6:20  Stalker  
  32  6:30  Stalker  
  34  6:45  Stalker x2  
  38  6:53  Stalker  
  38  7:00  Pylon  
  36  7:06  Stalker  
  26  7:23  Stalker x2  
  30  7:30  Stalker  
  32  7:40  Photon Cannon  
Tags
 
League
Silver
Matchup
PvP
Spawn Locations
Cross Positions
Add a new tag
Caveats
  • Supply blocks, unpowered buildings, or Contaminate may cause inaccurate times.
  • Supply counts are checked every 10 seconds.